AoeStats
← Vilain Kiwi

African Clearing

510580508Analyzed
4v4 RM · 2d ago on Oct 1, 2026· 26m 46s· 8 players
Game mode
Random Map
Map size
Large (8 player)
Population
200
Speed
Normal
Resources
Standard
Victory
Conquest
Starting age
Dark Age
Ending age
Imperial Age
RankedLock teamsTeams togetherTeam positionsShared explorationLock speedFull tech treeHidden civsTurbo modeCheats
Victory
Defeat
🇫🇷 Chinese · France
1382
+12
🇧🇪 Huns · Belgium
1251
+17
🇺🇾 Hindustanis · Uruguay
1243
+18
🇫🇷 Japanese · France
1164
+21
🇬🇧 Varangians · United Kingdom
1288
-17
🇲🇽 Saxons · Mexico
1285
-17
1275
-17
🇨🇭 Cumans · Switzerland
1274
-17
EBERE
6:49 Loom
14:46 Feudal Age
15:41 Double-Bit Axe
18:16 Castle Age
17:36 Forging
17:10 Horse Collar
17:21 Gold Mining
18:29 Forging
22:42 Bloodlines
25:33 Iron Casting
25:10 Scale Barding Armor
Althing
3:24 Loom
13:08 Feudal Age
19:12 Castle Age
17:21 Fletching
19:46 Castle Age
20:35 Forging
21:40 Scale Barding Armor
antorse31
2:43 Loom
11:27 Feudal Age
12:08 Double-Bit Axe
15:00 Wheelbarrow
15:22 Fletching
21:45 Castle Age
22:23 Bodkin Arrow
21:49 Crossbowman
22:44 Bow Saw
25:02 Ballistics
25:59 Hand Cart
Vilain Kiwi
6:00 Loom
13:12 Feudal Age
13:52 Double-Bit Axe
14:43 Town Watch
15:54 Wheelbarrow
17:46 Horse Collar
20:23 Castle Age
19:21 Stone Mining
23:51 Scale Mail Armor
25:00 Guard Tower
25:12 Fletching
[ Wildpigs ] Er
13:04 Feudal Age
16:28 Double-Bit Axe
18:50 Castle Age
18:08 Scale Mail Armor
18:05 Gold Mining
17:57 Horse Collar
All Conquistadors Are BSTRD
3:59 Loom
12:44 Feudal Age
13:19 Double-Bit Axe
14:36 Fletching
15:53 Padded Archer Armor
18:34 Horse Collar
23:09 Castle Age
23:22 Crossbowman
24:07 Bodkin Arrow
24:35 Town Watch
Bombadil
5:40 Loom
12:18 Feudal Age
13:08 Double-Bit Axe
13:38 Horse Collar
18:10 Wheelbarrow
23:12 Castle Age
23:29 Scale Barding Armor
23:37 Bloodlines
23:53 Gold Mining
24:36 Forging
jaishanzaman
6:23 Loom
12:34 Feudal Age
14:25 Horse Collar
14:41 Double-Bit Axe
16:49 Forging
16:51 Bloodlines
Connection lost

Rejoining the realm…

Still unreachable

The connection could not be restored.

Session expired

The server has moved on; the page needs a fresh start.